AoeStats
← Michi3052

Arabia

508724097Analyzed
1v1 RM · 9d ago on Sep 23, 2026· 49m 34s· 2 players
Game mode
Random Map
Map size
Tiny (2 player)
Population
200
Speed
Normal
Resources
Standard
Victory
Conquest
Starting age
Dark Age
Ending age
Imperial Age
RankedLock teamsTeams togetherTeam positionsShared explorationLock speedFull tech treeHidden civsTurbo modeCheats
Victory
Defeat
🇪🇸 Turks · Spain
745
+15
🇩🇪 Inca · Germany
717
-15
darkshedinja
7:36 Loom
10:03 Feudal Age
11:20 Double-Bit Axe
11:15 Champi Runner
17:08 Horse Collar
21:25 Castle Age
21:30 Champi Warrior
23:12 Squires
23:25 Arson
23:59 Forging
23:55 Pikeman
30:07 Iron Casting
29:34 Scale Mail Armor
33:57 Gold Mining
37:56 Chain Mail Armor
41:18 Imperial Age
43:41 Halberdier
46:02 Blast Furnace
46:36 Plate Mail Armor
48:05 Elite Champi Warrior
Michi3052
10:47 Feudal Age
11:46 Double-Bit Axe
13:35 Loom
22:22 Castle Age
22:06 Bloodlines
37:21 Imperial Age
35:22 Bow Saw
37:43 Wheelbarrow
37:59 Scale Barding Armor
39:17 Cavalier
42:06 Town Watch
42:20 Gold Mining
42:21 Stone Mining
45:13 Padded Archer Armor
45:05 Fletching
46:30 Bodkin Arrow
Connection lost

Rejoining the realm…

Still unreachable

The connection could not be restored.

Session expired

The server has moved on; the page needs a fresh start.